 Dungeon Crawl Stone Soup version 0.29.1-2-gbd0b4ee654 (webtiles) character file.

Game seed: 17684588538793835976

63 cdecastro the Fortune-Teller (level 3, -1/27 HPs)
             Began as a Demonspawn Gladiator on Nov 14, 2022.
             Was a Believer of Nemelex Xobeh.
             Slain by a goblin
             ... wielding a +0 trident
              (7 damage)
             ... on level 2 of the Dungeon.
             The game lasted 00:02:16 (1526 turns).

cdecastro the Fortune-Teller (Demonspawn Gladiator) Turns: 1526, Time: 00:02:17

Health: -1/27      AC:  4    Str: 14    XL:     3   Next: 89%
Magic:  6/6        EV: 12    Int: 11    God:    Nemelex Xobeh [**....]
Gold:   76         SH:  0    Dex: 14    Spells: 2/2 levels left

rFire   . . .      SeeInvis .   a - +0 trident
rCold   . . .      Faith    .   (no shield)
rNeg    . . .      Spirit   .   b - +0 leather armour
rPois   .          Reflect  .   c - +0 helmet
rElec   .          Harm     .   (no cloak)
rCorr   .          Rampage  .   (no gloves)
Will    .....                   (no boots)
Stlth   +.........              (no amulet)
HPRegen 0.09/turn               (no ring)
MPRegen 0.10/turn               (no ring)

@: no status effects
A: sturdy frame 2
a: Renounce Religion, Draw Escape, Draw Destruction, Draw Summoning


You were on level 2 of the Dungeon.
You worshipped Nemelex Xobeh.
Nemelex Xobeh was pleased with you.
You visited 1 branch of the dungeon, and saw 2 of its levels.

You collected 76 gold pieces.

Inventory:

Hand Weapons
 a - a +0 trident (weapon)
Missiles
 d - 3 throwing nets
 e - a javelin
 h - 14 poisoned darts (quivered)
Armour
 b - a +0 leather armour (worn)
 c - a +0 helmet (worn)
Scrolls
 g - 4 scrolls of identify {unknown}
 i - 2 scrolls of teleportation {unknown}
 j - a scroll of poison {unknown}
 k - a scroll of magic mapping {unknown}
 l - a scroll of fog {unknown}
 m - a scroll of fear {unknown}
Potions
 f - a potion of heal wounds {unknown}
 n - a potion of curing {unknown}


   Skills:
 - Level 2.0 Fighting
 - Level 2.9 Polearms
 - Level 1.7 Throwing
 - Level 2.6 Dodging
 + Level 4.5 Invocations


You had 2 spell levels left.
You didn't know any spells.
Your spell library contained the following spells:

 Spells                   Type           Power      Damage    Failure   Level
 Beastly Appendage        Tmut           0%         N/A       34%         1
 Wereblood                Tmut           0%         N/A       47%         2
 Spider Form              Tmut/Pois      0%         N/A       71%         3
 Fulminant Prism          Conj/Hex       0%         3d6       98%         4
 Iskenderun's Mystic Bla  Conj/Tloc      0%         2d3       98%         4
 Lee's Rapid Deconstruct  Erth           0%         3d5*      100%        5


Dungeon Overview and Level Annotations

Branches:
Dungeon (2/15)

Altars:
Makhleb
Nemelex Xobeh


Innate Abilities, Weirdness & Mutations

Your movements are less encumbered by armour. (ER -4)


Message History

The gnoll is severely wounded. x2
You hear a mighty peal of thunder!
You hear an angry hiss.
You draw a card...
You have drawn the Storm.
A mighty gale blasts forth from the card!
The gnolls are blown away by the wind.
The electrical discharge engulfs the gnoll!!
You kill the gnoll!
The electrical discharge engulfs the gnoll!!
You kill the gnoll!
You feel a bit more experienced.
You hear violent peals of thunder!
Your Invocations skill increases to level 4!
Unknown command.
You start resting.
A goblin comes into view. It is wielding a +0 trident.
The goblin closely misses you. The goblin misses you.
You barely miss the goblin. The goblin misses you.
You miss the goblin. The goblin hits you with a +0 trident.
The goblin closely misses you.
You barely miss the goblin. The goblin hits you with a +0 trident.
You barely miss the goblin. The goblin hits you with a +0 trident.
You barely miss the goblin. The goblin hits you with a +0 trident.
You hit the goblin but do no damage. The goblin hits you with a +0 trident.
* * * LOW HITPOINT WARNING * * *
You closely miss the goblin. The goblin hits you with a +0 trident.
* * * LOW HITPOINT WARNING * * *
You hit the goblin.
The goblin is heavily wounded.
The goblin closely misses you.
You barely miss the goblin.
The goblin is heavily wounded.
The goblin closely misses you. The goblin hits you with a +0 trident.
* * * LOW HITPOINT WARNING * * *
Unknown command.
You hit the goblin but do no damage.
The goblin is heavily wounded.
The goblin hits you with a +0 trident!
You die...
Your body disappears without a glow.

#.####.........##..#......#######
#.# #...##.#.............+....#
..# #...##.#####.##......####.#
..# #...##.# ##.##...........#
..# #...##.# #..####.........#
.)#########.# #.## #.........#
....# #.# #.# #.........# #...#
#. #.# #.........# #...# #. #@#
#......†..# ....# #. ##g#
#.........## .##.. #. ##.)#
#........... . ... #.##.)##
#........### # #... #..).##
#........# ##.# #..### #........#
#..# ############
...########........# ##
.....#...............####.


You could see a goblin.

Vanquished Creatures
  3 gnolls (D:2)
  An adder (D:2)
  2 bats
  An endoplasm (D:1)
  A giant cockroach (D:2)
  3 goblins
  3 hobgoblins
  3 quokkas
  2 ball pythons
  3 frilled lizards
  4 kobolds
  A rat (D:1)
27 creatures vanquished.

Notes
Turn   | Place    | Note
-------+----------+-------------------------------------------
     0 | D:1      | cdecastro the Demonspawn Gladiator began the quest for the
                  | Orb.
     0 | D:1      | Reached XP level 1. HP: 16/16 MP: 1/1
     7 | D:1      | Found a faded altar of an unknown god.
    30 | D:1      | Prayed at the altar of an unknown god.
    30 | D:1      | Became a worshipper of Nemelex Xobeh the Trickster
    30 | D:1      | Reached * piety under Nemelex Xobeh
   122 | D:1      | You fall into a shaft and drop 1 floor!
   153 | D:2      | Reached skill level 1 in Invocations
   297 | D:1      | Received a gift from Nemelex Xobeh
   511 | D:1      | Gained mutation: Your movements are slightly less
                  | encumbered by armour. (ER -2) [demonic ancestry]
   511 | D:1      | Reached XP level 2. HP: 21/22 MP: 3/3
   584 | D:1      | Reached skill level 2 in Invocations
  1014 | D:2      | Reached ** piety under Nemelex Xobeh
  1014 | D:2      | Received a gift from Nemelex Xobeh
  1050 | D:2      | Reached skill level 3 in Invocations
  1223 | D:2      | Found a burning altar of Makhleb.
  1230 | D:2      | Gained mutation: Your movements are less encumbered by
                  | armour. (ER -4) [demonic ancestry]
  1230 | D:2      | Reached XP level 3. HP: 27/27 MP: 5/5
  1508 | D:2      | Reached skill level 4 in Invocations
  1526 | D:2      | Slain by a goblin

Illustrated notes

Levels and vault maps discovered:
D:1:      scummos_arrival_checkerplants, layout_loops_corners,
          dreamdust_ecumenical_altar_statues
D:2:      layout_basic, basic_altar, grunt_decor_cap, minmay_crystal_room,
          minmay_hexomino_r4

Skill      XL: |  1  2  3 |
---------------+----------+-----
Invocations    | 1 3 4 |  4.5
Fighting       | |  2.0
Polearms       | |  2.9
Throwing       | |  1.7
Dodging        | |  2.6

Action                   || total
-------------------------++-------
Melee: Trident           ||    82
Invok: Draw Destruction  ||     2
Armor: Leather armour    ||    18
Dodge: Dodged            ||    43
